 Dungeon Crawl Stone Soup version 0.21-a0-442-g848f44b (webtiles) character file.

2783 gmonis the Cleaver (level 9, 0/71 HPs)
             Began as a Minotaur Fighter on Nov 11, 2017.
             Was a Priest of Trog.
             Slain by an ogre
             ... wielding a +0 giant spiked club
              (36 damage)
             ... on level 6 of the Dungeon on Nov 12, 2017.
             The game lasted 00:52:12 (7844 turns).

gmonis the Cleaver (Minotaur Fighter)               Turns: 7844, Time: 00:52:12

Health: 0/71       AC: 11    Str: 25    XL:     9   Next: 43%
Magic:  8/8        EV:  4    Int:  5    God:    Trog [***...]
Gold:   448        SH:  9    Dex:  9    Spells: 8/8 levels left

rFire    . . .     SeeInvis .   a - +0 war axe
rCold    . . .     Gourm    .   c - +0 shield
rNeg     . . .     Faith    .   q - +0 plate armour
rPois    .         Spirit   .   (helmet restricted)
rElec    .         Reflect  .   (no cloak)
rCorr    .         Harm     +   (no gloves)
MR       .....                  (no boots)
Stlth    ..........             v - amulet of harm
HPRegen  0.21/turn              (no ring)
MPRegen  0.11/turn              (no ring)

@: no status effects
A: retaliatory headbutt, horns 2
a: Berserk, Trog's Hand, Burn Spellbooks, Renounce Religion


You were on level 6 of the Dungeon.
You worshipped Trog.
Trog was most pleased with you.
You were not hungry.

You visited 2 branches of the dungeon, and saw 8 of its levels.
You also visited: Sewer and Ossuary.

You collected 448 gold pieces.

Inventory:

Hand Weapons
 a - a +0 war axe (weapon)
Missiles
 j - 168 stones (quivered)
 t - 29 sling bullets
 B - 2 tomahawks of returning
Armour
 b - a +0 scale mail
 c - a +0 shield (worn)
 q - a +0 plate armour (worn)
Jewellery
 v - an amulet of harm (around neck)
 L - an uncursed ring of fire {unknown}
Wands
 w - a wand of paralysis (13/24)
Scrolls
 e - 4 scrolls of fog
 g - a scroll of immolation {unknown}
 h - 10 scrolls of identify
 i - a scroll of fear {unknown}
 l - a scroll of random uselessness
 o - 7 scrolls of teleportation {unknown}
 y - 4 scrolls of remove curse {unknown}
 F - a scroll of acquirement {unknown}
 G - a scroll of recharging {unknown}
 H - a scroll of magic mapping {unknown}
 J - a scroll of enchant armour {unknown}
 K - 3 scrolls of amnesia {unknown}
 M - a scroll of noise {unknown}
 O - 2 scrolls of enchant weapon {unknown}
Potions
 d - a potion of might
 k - 2 potions of lignification {unknown}
 n - a potion of agility {unknown}
 p - 4 potions of curing
 r - 2 potions of flight {unknown}
 x - 5 potions of heal wounds {unknown}
 z - 2 potions of haste {unknown}
 A - 3 potions of magic {unknown}
 C - 2 potions of invisibility {unknown}
 D - a potion of berserk rage {unknown}
 E - 2 potions of brilliance {unknown}
 I - a potion of mutation {unknown}
 N - a potion of degeneration {unknown}
Comestibles
 f - 6 bread rations
 m - 3 meat rations
 s - 2 royal jellies
 u - 4 fruits
 P - a chunk of flesh


   Skills:
 - Level 3.7 Fighting
 + Level 14.8 Axes
 - Level 3.6 Armour
 - Level 3.6 Shields


You had 8 spell levels left.
You didn't know any spells.

Dungeon Overview and Level Annotations

Branches:
Dungeon (7/15)             Temple (1/1) D:5

Altars:
Ashenzari
Cheibriados
Dithmenos
Gozag
Hepliaklqana
Kikubaaqudgha
Makhleb
Nemelex Xobeh
Okawaru
Qazlal
Ru
Sif Muna
Trog
Uskayaw
Vehumet
Wu Jian
Xom
Yredelemnul
Zin
The Shining One

Annotations:
D:4 Eustachio


Innate Abilities, Weirdness & Mutations

You reflexively headbutt those who attack you in melee.
You have a pair of horns on your head.


Message History

You see here a meat ration.
The ogre hits you with a giant spiked club!!
A centaur comes into view.
Throwing (i - inventory. (,) - cycle):
j - 169 stones (quivered)
Press: ? - help, Shift-Dir - straight line, f - ogre
Aim: an ogre, wielding a giant spiked club You throw a stone.
The stone hits the ogre but does no damage.
The ogre hits you with a giant spiked club!!
There is a stone staircase leading up, spattered with blood here.
You climb upwards.
There is a stone staircase leading down here.
You drop a scroll labeled OSSUEN SIGIUH.
You block the ogre's attack.
Unknown command.
Unknown command.
You feel better.
The ogre hits you with a giant spiked club!!
Ouch! That really hurt!
You die...

##.# #...# #.. ##.# #...#####
#.# ...###########.......# #.#
#..............#.###.#
#######.# #.##############.#
#.# #........ ..# #.# #.#
#.#####.. ### #.# #.# ##.##
#.. ##########
#O###.###.#.####.. .........##
#@##.....###......
#####.#.#.##
#.##..###.#.#####.
#.##.##.#####......###.## #.
#.##...................######.
#.#####.#########.............
##<###.## ##.###########
##...## ### #####


You could see an ogre.

Vanquished Creatures
  2 sky beasts (D:7)
  An ice beast (D:6)
  A phantom (D:7)
  5 big kobolds
  An elf zombie (D:7)
  A bullfrog (D:7)
  2 elf skeletons (D:7)
  14 scorpions
  A wyvern skeleton (D:7)
  A howler monkey (D:5)
  A centaur zombie (Ossuary)
  5 hounds
  A jelly (D:5)
  A bullfrog zombie (D:5)
  2 human zombies
  7 orc wizards
  A bullfrog skeleton (D:3)
  An iguana (D:7)
  Ijyb (D:3)
  A human skeleton (D:7)
  2 worker ants (D:4)
  3 big kobold zombies (Ossuary)
  2 hound skeletons
  A hound zombie (D:5)
  3 mummies (Ossuary)
  3 scorpion zombies (Ossuary)
  A worker ant zombie (D:5)
  7 adders
  A river rat (Sewer)
  2 shadow imps (D:5)
  4 oozes (Sewer)
  An adder skeleton (D:5)
  4 worms
  A dart slug (D:3)
  4 leopard geckos
  16 orcs
  7 ball pythons
  6 giant cockroaches
  4 goblins
  4 hobgoblins
  12 jackals
  5 quokkas
  5 bats
  4 frilled lizards
  A goblin zombie (Ossuary)
  5 kobolds
  2 kobold zombies (Ossuary)
  4 orc skeletons (D:7)
  5 orc zombies
  A quokka skeleton (D:4)
  A quokka zombie (D:5)
  10 rats
181 creatures vanquished.

Notes
Turn   | Place    | Note
-------+----------+-------------------------------------------
     0 | D:1      | gmonis the Minotaur Fighter began the quest for the Orb.
     0 | D:1      | Reached XP level 1. HP: 19/19 MP: 0/0
   148 | D:1      | Reached skill level 3 in Axes
   275 | D:1      | Reached XP level 2. HP: 27/27 MP: 1/1
   957 | D:2      | Reached skill level 4 in Axes
  1212 | D:2      | Found a sacrificial altar of Ru.
  1248 | D:2      | Found a radiant altar of Vehumet.
  1248 | D:2      | Found a hazy altar of Hepliaklqana.
  1254 | D:2      | Found a faded altar of an unknown god.
  1256 | D:2      | Found a glowing golden altar of the Shining One.
  1257 | D:2      | Found a faded altar of an unknown god.
  1493 | D:3      | Found a sacrificial altar of Ru.
  1499 | D:3      | Reached XP level 3. HP: 30/33 MP: 2/2
  1503 | D:3      | Reached skill level 5 in Axes
  1559 | D:3      | Reached XP level 4. HP: 40/40 MP: 3/3
  1831 | D:4      | Found a glowing drain.
  1835 | Sewer    | Entered a sewer
  1836 | Sewer    | Upgraded the game from 0.21-a0-440-g28109cb to 0.21-a0-442-g848f44b
  2020 | Sewer    | Reached skill level 6 in Axes
  2047 | Sewer    | Noticed a big kobold
  2075 | Sewer    | Killed a big kobold
  2075 | Sewer    | Reached XP level 5. HP: 40/46 MP: 4/4
  2173 | Sewer    | Reached skill level 7 in Axes
  2296 | Sewer    | Reached XP level 6. HP: 50/52 MP: 5/5
  2438 | Sewer    | Reached skill level 8 in Axes
  2700 | Sewer    | Reached skill level 9 in Axes
  2796 | D:3      | Noticed Ijyb
  2804 | D:3      | Killed Ijyb
  2835 | D:3      | Reached XP level 7. HP: 58/58 MP: 6/6
  3425 | D:4      | Noticed Eustachio
  3888 | D:5      | Entered Level 5 of the Dungeon
  4139 | D:5      | Reached skill level 10 in Axes
  4162 | D:5      | Found a staircase to the Ecumenical Temple.
  4189 | Temple   | Entered the Ecumenical Temple
  4617 | Temple   | Became a worshipper of Trog the Wrathful
  5777 | D:6      | Reached * piety under Trog
  5781 | D:6      | Reached skill level 11 in Axes
  5867 | D:6      | Reached XP level 8. HP: 66/66 MP: 7/7
  6008 | D:6      | Found a deep blue altar of Sif Muna.
  6021 | D:6      | Found a shattered altar of Ashenzari.
  6447 | D:7      | Reached skill level 12 in Axes
  6827 | D:7      | Reached skill level 13 in Axes
  6903 | D:7      | Reached ** piety under Trog
  6935 | D:7      | Found a sand-covered staircase.
  6942 | Ossuary  | Entered an ossuary
  6971 | Ossuary  | Reached XP level 9. HP: 71/71 MP: 8/8
  7105 | Ossuary  | Reached skill level 14 in Axes
  7493 | Ossuary  | Reached *** piety under Trog
  7844 | D:6      | Slain by an ogre

Vault maps used:
D:1:      dpeg_arrival_shrine
D:2:      chequers_temple_overflow_minitemple, lemuel_round_altar
D:3:      serial_aquarium, aquarium_bridge_long_joined,
          aquarium_bridge_straight, aquarium_window_fake, aquarium_window_2,
          aquarium_window_fake, aquarium_window_2, aquarium_view_2d,
          first_bread, nicolae_ru_great_annihilating_truth, uniq_ijyb
D:4:      gup_sewer_entry_bowl, uniq_eustachio
D:5:      temple_pool_b, water_maze_lemuel
D:6:      amethyst_overflow_temple_binary
D:7:      nicolae_ossuary_entry_catacombs
Temple:   minmay_temple_curvy_branch
Sewer:    sewer_co_tree
Ossuary:  ossuary_minmay_scorpions

Skill      XL: |  1  2  3  4  5  6  7  8  9 |
---------------+----------------------------+-----
Axes           | 3 4 5 6 7 9 11 13 14 | 14.8
Fighting       | |  3.7
Armour         | |  3.6
Shields        | |  3.6

Action                   |  1- 3 |  4- 6 |  7- 9 || total
-------------------------+-------+-------+-------++-------
Melee: War axe           |    52 |   150 |   359 ||   561
       Headbutt          |     7 |    21 |    59 ||    87
Throw: Stone             |    31 |    61 |   123 ||   215
Invok: Burn Spellbooks   |       |       |     1 ||     1
  Use: Scroll            |       |       |     3 ||     3
       Potion            |       |       |     1 ||     1
 Stab: Paralysed         |     1 |       |       ||     1
  Eat: Chunk             |     1 |     1 |     8 ||    10
       Meat ration       |       |     1 |       ||     1
       Royal jelly       |       |       |     2 ||     2
       Fruit             |       |       |     1 ||     1
       Bread ration      |       |       |     1 ||     1
Armor: Scale mail        |    16 |       |       ||    16
       Plate armour      |     5 |    70 |   141 ||   216
Dodge: Dodged            |    10 |    14 |    41 ||    65
Block: Shield            |    28 |    65 |   112 ||   205

Table legend:
 A = Spawn XP
 B = Non-spawn XP
 C = Spawn XP percentage of total XP
 D = Spawn monster count
 E = Non-spawn monster count
 F = Spawn count percentage of total count
 G = Total turns spent on level
                    A         B        C        D         E        F      G
               +---------+---------+-------+---------+---------+-------+---------
         Total |       0 |    3976 |   0.0 |       0 |     181 |   0.0 |  7844
               +---------+---------+-------+---------+---------+-------+---------
           D:1 |       0 |      21 |   0.0 |       0 |      12 |   0.0 |   678
           D:2 |       0 |      12 |   0.0 |       0 |       6 |   0.0 |   789
           D:3 |       0 |     193 |   0.0 |       0 |      25 |   0.0 |   843
           D:4 |       0 |      86 |   0.0 |       0 |      11 |   0.0 |   680
           D:5 |       0 |     482 |   0.0 |       0 |      22 |   0.0 |  1310
           D:6 |       0 |     253 |   0.0 |       0 |      10 |   0.0 |   813
           D:7 |       0 |    1274 |   0.0 |       0 |      37 |   0.0 |   853
         Sewer |       0 |     529 |   0.0 |       0 |      28 |   0.0 |   898
       Ossuary |       0 |    1126 |   0.0 |       0 |      30 |   0.0 |   621
               +---------+---------+-------+---------+---------+-------+---------
